 Dungeon Crawl Stone Soup version 0.31-a0-1009-g454b1f1e0a (webtiles) character file.

Game seed: 1000133243975212282

183 Dirtsage the Chopper (level 5, -1/41 HPs)
             Began as a Demonspawn Berserker on Nov 14, 2023.
             Was a Believer of Trog.
             Succumbed to an orc priest's poison
             ... on level 3 of the Dungeon.
             The game lasted 00:04:18 (2013 turns).

Dirtsage the Chopper (Demonspawn Berserker)         Turns: 2013, Time: 00:04:18

Health: -1/41      AC:  6    Str: 19    XL:     5   Next: 35%
Magic:  5/5        EV: 12    Int:  8    God:    Trog [**....]
Gold:   58         SH:  0    Dex: 13    Spells: 4/4 levels left

rFire   . . .        a - +0 hand axe
rCold   . . .        (no shield)
rNeg    . . .        m - +0 scale mail
rPois   .            (no helmet)
rElec   .            (no cloak)
rCorr   .            (no gloves)
SInv    .            (no boots)
Will    .....        (no amulet) Stlth
                     (no ring)
HPRegen 0.26/turn    (no ring)
MPRegen 0.09/turn

%: no passive effects
@: lethally poisoned (-1 -> -14), on berserk cooldown, slowed, very slow
A: hooves 1, repulsion field 1, ignite blood 1
a: Renounce Religion, Berserk, Trog's Hand


You were on level 3 of the Dungeon.
You worshipped Trog.
Trog was pleased with you.
You visited 1 branch of the dungeon, and saw 3 of its levels.

You collected 58 gold pieces.

Inventory:

Hand Weapons
 a - a +0 hand axe (weapon)
Armour
 b - a +0 animal skin
 g - a +0 kite shield
 h - a +0 leather armour
 j - a +0 ring mail
 m - a +0 scale mail (worn)
Talismans
 e - a granite talisman
Scrolls
 c - a scroll of blinking {unknown}
 f - 2 scrolls of identify {unknown}
 i - a scroll of immolation {unknown}
 k - 2 scrolls of enchant weapon {unknown}
Potions
 l - a potion of magic {unknown}
 n - a potion of invisibility {unknown}


   Skills:
 - Level 3.0 Fighting
 * Level 5.1 Axes
 - Level 1.7 Armour
 - Level 1.7 Dodging
 + Level 1.8 Shields


You had 4 spell levels left.
You didn't know any spells.
Your spell library was empty.

Dungeon Overview and Level Annotations

Branches:
Dungeon (3/15)

Altars:

Shops:
D:1 (


Innate Abilities, Weirdness & Mutations

You have large cloven feet.
You are surrounded by a mild repulsion field. (EV +2)
Your demonic aura sometimes causes spilled blood to erupt in flames.


Message History

You feel better.
The orc priest calls upon Beogh to heal the orc.
The orc's wounds heal themselves!
The orc hits you but does no damage.
You regained 5 hp, and now have 18/41 hp.
You hit the orc priest.
The orc priest is heavily wounded.
You barely miss the orc. The orc closely misses you.
The orc priest hits you with a +2 short sword of venom.
You are poisoned.
The orc priest closely misses you. The orc misses you.
You take 3 damage, and have 15/41 hp.
You feel better. The orc hits you with a +0 trident.
The orc priest closely misses you.
You regained 6 hp, and now have 21/41 hp.
You barely miss the orc priest. You kick the orc priest.
The orc priest is severely wounded.
You barely miss the orc. The orc hits you with a +0 trident.
The orc priest hits you with a +2 short sword of venom.
You are poisoned.
The orc hits you with a +0 trident.
* * * LOW HITPOINT WARNING * * *
The orc priest looks braver for a moment.
You take 11 damage, and have 10/41 hp.
MASSIVE DAMAGE!!
Okay, then.
You completely miss the orc priest.
You kick the orc priest, but do no damage.
The orc priest is severely wounded.
You hit the orc.
* * * LOW HITPOINT WARNING * * *
You feel very sick.
The orc is engulfed in blazing flames.
You kill the orc!
Trog accepts your kill.
The orc priest hits you with a +2 short sword of venom.
* * * LOW HITPOINT WARNING * * *
You are more poisoned.
You take 6 damage, and have 4/41 hp.
You closely miss the orc priest.
The orc priest is severely wounded.
You die...

.. #.............(.#
#..####.##.#####.####.#
#.......#.# #.# #.#
#.####..#.# #.# #.# . ##.#
#..#.# #.# #.# .. ##..#
#..#.# #.# #.#
..###..?####..#.# #.####.##
........)))°..#.#####........
##.....).go@......#######.##
#..##.#†.##......# #.#
#..)).#..######..# #.#
#..####..# .# #.# #. #..# #
#.# !. #.(# #.# ## ...#
#####.## ..## ......†. #.#.


You could see an orc priest and a hobgoblin.

Vanquished Creatures
  2 orc wizards (D:3)
  5 gnolls
  An adder (D:2)
  2 worms
  5 dart slugs
  4 orcs (D:3)
  2 ball pythons (D:1)
  3 endoplasms
  3 giant cockroaches
  4 goblins
  6 hobgoblins
  4 jackals (D:2)
  2 quokkas (D:1)
  4 bats
  4 frilled lizards
  3 kobolds (D:1)
  2 rats
56 creatures vanquished.

Notes
Turn   | Place    | Note
-------+----------+-------------------------------------------
     0 | D:1      | Dirtsage the Demonspawn Berserker began the quest for the
                  | Orb.
     0 | D:1      | Reached XP level 1. HP: 18/18 MP: 1/1
    56 | D:1      | Reached skill level 3 in Axes
    61 | D:1      | Gained mutation: You are surrounded by a mild repulsion
                  | field. (EV +2) [demonic ancestry]
    61 | D:1      | Reached XP level 2. HP: 20/24 MP: 2/2
   405 | D:1      | Gained mutation: You have large cloven feet. [demonic
                  | ancestry]
   405 | D:1      | Reached XP level 3. HP: 13/29 MP: 3/3
   512 | D:1      | Found a faded altar of an unknown god.
   629 | D:1      | Reached skill level 4 in Axes
   853 | D:1      | Found Meharraj's Weapon Boutique.
  1129 | D:2      | Reached ** piety under Trog
  1407 | D:2      | Gained mutation: Your demonic aura sometimes causes spilled
                  | blood to erupt in flames. [demonic ancestry]
  1407 | D:2      | Reached XP level 4. HP: 32/35 MP: 4/4
  1767 | D:3      | Reached skill level 1 in Shields
  1848 | D:3      | Reached XP level 5. HP: 39/41 MP: 5/5
  1988 | D:3      | Reached skill level 5 in Axes
  2013 | D:3      | Succumbed to an orc priest's poison

Illustrated notes

Levels and vault maps discovered:
D:1:      lightli_molten_gateway, layout_loops_corners,
          ebering_ecumenical_altar_mist, serial_shops,
          nicolae_shop_competitors_out_of_business
D:2:      layout_loops_cross
D:3:      layout_loops_ring, nicolae_overflow_hidden_temple

Skill      XL: |  1  2  3  4  5 |
---------------+----------------+-----
Axes           | 3 4 5 |  5.1
Shields        | 1 |  1.8
Fighting       | |  3.0
Armour         | |  1.7
Dodging        | |  1.7

Action                     |  1- 3 |  4- 6 || total
---------------------------+-------+-------++-------
  Melee: Hand axe          |    85 |    40 ||   125
         Kick              |    14 |    11 ||    25
         Punch             |     1 |       ||     1
 Invoke: Berserk           |     1 |     2 ||     3
    Use: Potion            |       |     3 ||     3
   Stab: Sleeping          |     1 |       ||     1
 Armour: Animal skin       |    20 |       ||    20
         Leather armour    |    15 |       ||    15
         Ring mail         |       |    13 ||    13
         Scale mail        |       |    21 ||    21
  Dodge: Dodged            |    67 |    30 ||    97

Table legend: (Time is in decaauts)
 A = Elapsed time spent in this place.
 B = Non-inter-level travel time spent in this place.
 C = Inter-level travel time spent in this place.
 D = Time resting spent in this place.
 E = Time spent auto-exploring this place.
 F = Levels seen in this place.
 G = Mean time per level.
                   A        B        C        D        E       F      G
               +--------+--------+--------+--------+--------+-----+--------+
         Total |   2044 |   1876 |    168 |     91 |   1483 |   3 |  681.3 |
       Dungeon |   2044 |   1876 |    168 |     91 |   1483 |   3 |  681.3 |
               +--------+--------+--------+--------+--------+-----+--------+

Top non-repeatable levels by time:
     D:1: 1122 daAuts
     D:2: 657 daAuts
     D:3: 264 daAuts
